 Dungeon Sprint DCSS version 0.30-a0-860-g512cf1e979 (webtiles) character file.

Game seed: 4612125488467025957

69 BigDaddyOpFi the Sneak (level 4, -12/34 HPs)
             Began as an Octopode Conjurer on Mar 7, 2023.
             Was an Initiate of Vehumet.
             Mangled by a starcursed mass (14 damage)
             ... in the Dungeon (Sprint V: "Ziggurat Sprint").
             The game lasted 00:01:46 (243 turns).

BigDaddyOpFi the Sneak (Octopode Conjurer)           Turns: 243, Time: 00:01:47

Health: -12/34     AC:  1    Str: 20    XL:     4   Next: 20%
Magic:  9/11       EV: 17    Int: 32    God:    Vehumet [......]
Gold:   0          SH:  0    Dex: 22    Spells: 12/13 levels left

rFire   . . .      SeeInvis .    A - +7 mace of Variability {chaos, chain chaos}
rCold   . . .      Faith    .    (shield currently unavailable)
rNeg    . . .      Spirit   .    (helmet restricted)
rPois   .          Reflect  .    (no amulet)
rElec   .          Rampage  .    r - ring of flight
rCorr   .          NoTele   +    s - +6 ring of dexterity
Will    .....                    t - +6 ring of dexterity
Stlth   +++++                    u - +6 ring of intelligence
HPRegen 0.25/turn                v - +6 ring of intelligence
MPRegen 0.12/turn                w - +6 ring of strength
                                 x - +6 ring of strength
                                 (no ring)

@: flying
A: almost no armour, amphibious, 8 rings, camouflage 1, gelatinous body 1,
(nimble swimmer 1), tentacles
a: Renounce Religion


You were in the Dungeon.
You worshipped Vehumet.
Vehumet was noncommittal.
You visited 1 branch

Inventory:

Hand Weapons
 z - the +9 sword of Power {lifebolt}
   (You found it in the Dungeon)
 A - the +7 mace of Variability (weapon) {chaos, chain chaos}
   (You found it in the Dungeon)
Jewellery
 r - a ring of flight (left tentacle)
 s - a +6 ring of dexterity (right tentacle)
 t - a +6 ring of dexterity (on tentacle)
 u - a +6 ring of intelligence (on tentacle)
 v - a +6 ring of intelligence (on tentacle)
 w - a +6 ring of strength (on tentacle)
 x - a +6 ring of strength (on tentacle)
Wands
 p - a wand of mindburst (7)
 q - a wand of acid (7)
Scrolls
 f - 4 scrolls of blinking
 l - 4 scrolls of amnesia
 m - 7 scrolls of fog
 n - 5 scrolls of identify
 o - 2 scrolls of fear
Potions
 a - 8 potions of magic
 b - 10 potions of curing
 c - 7 potions of heal wounds
 d - 6 potions of haste
 e - 3 potions of berserk rage
 g - 2 potions of brilliance
 h - 2 potions of invisibility
 i - 4 potions of resistance
 k - 5 potions of might
Miscellaneous
 y - a lightning rod (4/4)


   Skills:
 + Level 4.9 Fighting
 + Level 5.4 Dodging
 + Level 7.8 Stealth
 + Level 5.0 Spellcasting
 + Level 6.5 Conjurations


You had 12 spell levels left.
You knew the following spells:

 Your Spells              Type           Power      Damage    Failure   Level
a - Magic Dart            Conj           100%       1d8       1%          1

Your spell library contained the following spells:

 Spells                   Type           Power      Damage    Failure   Level
 Searing Ray              Conj           98%        2d8       1%          2
 Dazzling Flash           Conj/Hex       58%        N/A       4%          3
 Fulminant Prism          Conj/Hex       14%        3d9       13%         4
 Iskenderun's Mystic Bla  Conj/Tloc      29%        2d7       13%         4


Dungeon Overview and Level Annotations

Branches:
Dungeon (1/1)

Altars:
Ashenzari
Cheibriados
Dithmenos
Elyvilon
Fedhas
Gozag
Hepliaklqana
Kikubaaqudgha
Makhleb
Nemelex Xobeh
Okawaru
Qazlal
Ru
Sif Muna
Trog
Uskayaw
Vehumet
Wu Jian
Xom
Yredelemnul
Zin
The Shining One
Jiyva
Lugonu

Annotations:
D 1 transporter


Innate Abilities, Weirdness & Mutations

You cannot wear most types of armour.
You are amphibious.
You can wear up to eight rings at the same time.
Your skin changes colour to match your surroundings (Stealth+).
Your rubbery body absorbs attacks. (AC +1, EV +1)
((You are camouflaged when in or above water. (Stealth+)))
You have tentacles for arms and can constrict up to eight enemies at once.


Message History

The starcursed mass is moderately damaged.
The arc of chaos hits the starcursed mass.
The starcursed mass completely resists.
The arc of chaos hits the ufetubus!
The ufetubus is almost dead.
The ufetubus shouts!
The arc of chaos hits the starcursed mass.
The starcursed mass is moderately damaged.
The arc of chaos hits the starcursed mass.
The starcursed mass completely resists.
You squeeze the starcursed mass, but do no damage.
The starcursed mass is moderately damaged.
The starcursed mass shudders and is absorbed by its neighbour. x2
The starcursed mass touches you!
A starcursed mass splits.
A deafening chorus of shrieks assaults your mind!
* * * LOW HITPOINT WARNING * * *
A starcursed mass splits.
The starcursed mass closely misses you.
The starcursed mass completely misses you.
A starcursed mass splits.
The starcursed mass closely misses you.
Unknown command.
You feel much better.
The starcursed mass completely misses you.
The ufetubus closely misses you. The ufetubus completely misses you.
The starcursed mass touches you but does no damage.
Your health is already full.
The shadow imp shouts!
You thump the starcursed mass!
You squeeze the starcursed mass, but do no damage.
The starcursed mass is almost destroyed.
The starcursed mass shudders and is absorbed by its neighbour.
A starcursed mass splits.
The starcursed mass touches you! The ufetubus completely misses you.
The ufetubus hits you. The starcursed mass touches you.
The starcursed mass barely misses you. x2
The ufetubus hits you. The ufetubus closely misses you.
A starcursed mass splits.
A cacophony of accursed wailing tears at your sanity!
* * * LOW HITPOINT WARNING * * *
A starcursed mass splits.
The starcursed mass touches you.
* * * LOW HITPOINT WARNING * * *
The starcursed mass misses you. The starcursed mass touches you!
You die...

▓▓▓▓▓▓▓▓▓▓▓▓▓
▓.8©8.▓.8©8.▓
▓.=:}.▓.....▓
▓....5▓.|.}.▓
▓..XX.▓.....▓
▓XXX5.▓.....▓
▓.X@X.▓..©..▓
▓.XX..▓▓▓▓▓▓▓
▓▓▓▓▓▓▓


You could see 9 starcursed masses, a shadow imp and an ufetubus.

Vanquished Creatures
  A jelly (D)
  An endoplasm (D)
2 creatures vanquished.

Notes
Turn   | Place    | Note
-------+----------+-------------------------------------------
     0 | D        | BigDaddyOpFi the Octopode Conjurer began the quest for the
                  | Orb.
     0 | D        | Reached XP level 1. HP: 11/11 MP: 3/3
     0 | D        | Banished a spatial maelstrom
     4 | D        | Found a blossoming altar of Fedhas.
     4 | D        | Found the +6 Majin-Bo {spellvamp, MP+6 Int+6}
     4 | D        | Found the +27 heavy crossbow "Sniper" {heavy, Acc+∞ SInv}
     4 | D        | Found the +10 dark maul {heavy}
     4 | D        | Found the +15 Maxwell's patent armour {-Cast -Tele rElec
                  | Will+ rCorr}
     4 | D        | Found the +18 shield of the Gong {Loud rN+ Will+ rCorr
                  | EV-5}
     4 | D        | Found the +16 obsidian axe {drain, demonic, Mesm Drain Fly
                  | SInv}
     4 | D        | Found the +7 great mace "Firestarter" {flame, inner flame,
                  | rFlCloud rF++}
     4 | D        | Found the +6 shillelagh "Devastator" {shatter}
     4 | D        | Found the +11 plutonium sword {Contam Stlth-}
     4 | D        | Found the +8 lance "Wyrmbane" {slay drac, rPois rF+ rC+
                  | AC+3}
     4 | D        | Found the +9 sword of Zonguldrok {reap}
     4 | D        | Found the +13 scythe of Curses {drain, curses, Drain}
     4 | D        | Found the +9 sword of Power {lifebolt}
     4 | D        | Found the +7 mace of Variability {chaos, chain chaos}
     4 | D        | Found the +11 Singing Sword {sonic wave}
     4 | D        | Found the +8 storm bow {elec, penet}
     5 | D        | Found a shimmering blue altar of Sif Muna.
     5 | D        | Found a sacrificial altar of Ru.
     5 | D        | Found a bloodstained altar of Trog.
     5 | D        | Found a stormy altar of Qazlal.
     5 | D        | Found an iron altar of Okawaru.
     5 | D        | Found a sparkling altar of Nemelex Xobeh.
     7 | D        | Found a transporter.
     7 | D        | Found an ancient bone altar of Kikubaaqudgha.
     7 | D        | Found a viscous altar of Jiyva.
     7 | D        | Found a corrupted altar of Lugonu.
     7 | D        | Found a hazy altar of Hepliaklqana.
     7 | D        | Found a burning altar of Makhleb.
     7 | D        | Found an opulent altar of Gozag.
    88 | D        | Became a worshipper of Vehumet
   102 | D        | Entered arena 2.
   102 | D        | Noticed a jelly
   102 | D        | Found a transporter.
   106 | D        | Killed a jelly
   107 | D        | Reached skill level 4 in Stealth
   107 | D        | Reached XP level 2. HP: 20/20 MP: 4/6
   107 | D        | Reached XP level 3. HP: 25/25 MP: 4/7
   235 | D        | Entered arena 3.
   235 | D        | Noticed a starcursed mass
   235 | D        | Found a transporter.
   237 | D        | Reached skill level 5 in Dodging
   237 | D        | Reached skill level 7 in Stealth
   237 | D        | Reached skill level 5 in Spellcasting
   237 | D        | Reached XP level 4. HP: 26/34 MP: 8/11
   243 | D        | Mangled by a starcursed mass

Illustrated notes

Levels and vault maps discovered:
D:        sprint_v [room_start, room_1, room_2, room_3, room_4, room_5, room_6,
          room_7, room_8, room_9, room_10, room_11, room_12, room_13, room_14,
          room_15, room_16, room_17, room_18, room_19, room_20, room_21,
          room_22, room_23, room_24, room_25, room_26, room_27]

Skill      XL: |  1  2  3 |
---------------+----------+-----
Fighting       | 2 4 |  4.9
Dodging        | 3 5 |  5.4
Stealth        | 4 7 |  7.8
Spellcasting   | 3 5 |  5.0
Conjurations   | 6 |  6.5

Action                     |  1- 3 |  4- 6 || total
---------------------------+-------+-------++-------
  Melee: Great mace        |     2 |     3 ||     5
         Tentacles         |       |     2 ||     2
    Use: Potion            |     1 |     3 ||     4
   Stab: Sleeping          |     2 |       ||     2
 Armour: Skin              |       |     1 ||     1
  Dodge: Dodged            |       |    12 ||    12

Table legend: (Time is in decaauts)
 A = Elapsed time spent in this place.
 B = Non-inter-level travel time spent in this place.
 C = Inter-level travel time spent in this place.
 D = Time resting spent in this place.
 E = Time spent auto-exploring this place.
 F = Levels seen in this place.
 G = Mean time per level.
                   A        B        C        D        E       F      G
               +--------+--------+--------+--------+--------+-----+--------+
         Total |    241 |    241 |      0 |    123 |      6 |   1 |  241.0 |
       Dungeon |    241 |    241 |      0 |    123 |      6 |   1 |  241.0 |
               +--------+--------+--------+--------+--------+-----+--------+

Top non-repeatable levels by time:
       D: 241 daAuts
